 Dungeon Crawl Stone Soup version 0.19.0 (webtiles) character file.

594 Softman25 the Basher (level 7, -4/73 HPs)
             Began as an Ogre Berserker on Nov 19, 2016.
             Was a Priest of Trog.
             Killed from afar by an orc wizard (5 damage)
             ... with a magic dart
             ... on level 5 of the Dungeon.
             The game lasted 00:05:57 (4101 turns).

Softman25 the Basher (Ogre Berserker)               Turns: 4101, Time: 00:05:58

Health: -4/73      AC:  5    Str: 23    XL:     7   Next: 39%
Magic:  7/7        EV: 11    Int:  6    God:    Trog [***...]
Gold:   241        SH:  0    Dex: 14    Spells: 0 memorised, 6 levels left

rFire  + . .     SeeInvis .     l - +1 morningstar
rCold  . . .     Gourm    .     b - +0 animal skin
rNeg   . . .     Faith    .     (no shield)
rPois  .         Spirit   .     (helmet restricted)
rElec  .         Reflect  .     t - +0 cloak
rCorr  .         Harm     .     (gloves unavailable)
MR     .....                    (boots unavailable)
Stlth  +.........               (no amulet)
                                s - ring of protection from fire
                                f - +3 ring of dexterity

@: no status effects
A: unfitting armour, rugged brown scales 1, tough skin 1
a: Berserk, Trog's Hand, Burn Spellbooks, Renounce Religion


You were on level 5 of the Dungeon.
You worshipped Trog.
Trog was most pleased with you.
You were near starving.

You visited 1 branch of the dungeon, and saw 5 of its levels.

You collected 241 gold pieces.

Inventory:

Hand Weapons
 l - a +1 morningstar (weapon)
Armour
 b - a +0 animal skin (worn)
 t - a +0 cloak (worn)
Jewellery
 f - a +3 ring of dexterity (left hand)
 s - a ring of protection from fire (right hand)
Wands
 o - a wand of disintegration (11/24)
Scrolls
 a - a scroll of blinking
 e - 4 scrolls of teleportation
 n - a scroll of remove curse {@r2}
 q - a scroll of fear
Potions
 d - a potion of magic {unknown}
 h - a potion of flight
 i - 4 potions of agility
 j - a potion of might {unknown}
 k - a potion of haste {unknown}
 m - a potion of heal wounds {unknown}
 p - 2 potions of lignification
 r - a potion of curing {@q1}
Comestibles
 c - 3 bread rations
 g - 3 meat rations


   Skills:
 - Level 4.4 Fighting
 + Level 10.4 Maces & Flails
 - Level 2.9 Dodging


You had 6 spell levels left.
You didn't know any spells.

Dungeon Overview and Level Annotations

Branches:
Dungeon (5/15)
 Temple: D:4-7

Altars:
Makhleb
Xom


Innate Abilities, Weirdness & Mutations

You are too large for most types of armour.
You have tough skin. (AC +1)
You are partially covered in rugged brown scales. (AC +1, +3% HP)


Message History

The orc wizard hits you with a dagger.
* * * LOW HITPOINT WARNING * * *
Things that are here:
a dagger; an orc corpse You barely miss the orc wizard.
The orc wizard hits you with a dagger.
* * * LOW HITPOINT WARNING * * *
You closely miss the orc wizard. The orc wizard hits you with a dagger.
* * * LOW HITPOINT WARNING * * *
The orc wizard closely misses you.
You hit the orc wizard.
The orc wizard is heavily wounded.
The orc wizard closely misses you.
You hit the orc wizard.
The orc wizard is almost dead.
The orc wizard casts a spell at you. The magic dart hits you!
* * * LOW HITPOINT WARNING * * *
The orc wizard casts a spell at you. The magic dart hits you!
You die...

### #.. #.# ##
#.# . #.#.#
#########.#.#####
#>........)......
#.####.@))#....
#......o..# ##
#..###....# .. #
.##.....#.##
......†<...#
..##..........# .
###.#.#..#.#
............
##....#.####


You could see an orc wizard.

Vanquished Creatures
  The ghost of gg19 the Shooter, an amateur HEAM (D:4)
  An ogre (D:5)
  2 orc priests (D:4)
  An iguana (D:5)
  4 orc wizards
  3 worker ants
  5 adders
  2 worms (D:2)
  A leopard gecko (D:3)
  8 orcs
  8 bats
  3 giant cockroaches (D:1)
  5 hobgoblins
  2 jackals (D:3)
  10 kobolds
  A quokka (D:4)
  10 frilled lizards
  8 goblins
  9 rats
84 creatures vanquished.

Notes
Turn   | Place    | Note
-------+----------+-------------------------------------------
     0 | D:1      | Softman25 the Ogre Berserker began the quest for the Orb.
     0 | D:1      | Reached XP level 1. HP: 24/24 MP: 1/1
   134 | D:1      | Reached XP level 2. HP: 32/32 MP: 2/2
   233 | D:1      | Reached ** piety under Trog
   629 | D:1      | Reached XP level 3. HP: 40/40 MP: 3/3
   773 | D:1      | Reached skill level 5 in Maces & Flails
  1628 | D:2      | Reached XP level 4. HP: 37/49 MP: 4/4
  2069 | D:3      | Reached skill level 6 in Maces & Flails
  2458 | D:3      | Found a shimmering altar of Xom.
  2614 | D:3      | Reached XP level 5. HP: 51/55 MP: 5/5
  2640 | D:3      | Gained mutation: You are partially covered in rugged brown scales. (AC +1, +3% HP) [potion of beneficial mutation]
  3022 | D:4      | Noticed gg19's ghost (amateur HEAM)
  3034 | D:4      | Killed gg19's ghost
  3034 | D:4      | Reached skill level 8 in Maces & Flails
  3034 | D:4      | Reached XP level 6. HP: 64/64 MP: 6/6
  3050 | D:4      | Reached *** piety under Trog
  3134 | D:4      | Reached skill level 9 in Maces & Flails
  3823 | D:4      | Reached XP level 7. HP: 67/73 MP: 7/7
  3837 | D:4      | Found a burning altar of Makhleb.
  4069 | D:5      | Entered Level 5 of the Dungeon
  4079 | D:5      | Reached skill level 10 in Maces & Flails
  4099 | D:5      | HP: 3/73 [orc wizard/dagger (2)]
  4101 | D:5      | HP: 1/73 [orc wizard/magic dart (2)]
  4101 | D:5      | Killed from afar by an orc wizard

Skill      XL: |  1  2  3  4  5  6  7 |
---------------+----------------------+-----
Maces & Flails | 5 6 8 9 10 | 10.4
Fighting       | |  4.4
Dodging        | |  2.9

Action                   |  1- 3 |  4- 6 |  7- 9 || total
-------------------------+-------+-------+-------++-------
Melee: Mace              |   113 |    72 |       ||   185
       Morningstar       |       |    36 |    21 ||    57
Invok: Berserk           |       |     2 |       ||     2
  Use: Scroll            |       |    14 |     1 ||    15
       Potion            |       |     1 |       ||     1
 Stab: Sleeping          |     1 |       |     1 ||     2
  Eat: Chunk             |     2 |     4 |       ||     6
       Bread ration      |       |     1 |       ||     1
Armor: Animal skin       |    26 |    30 |     4 ||    60
Dodge: Dodged            |    63 |    67 |    12 ||   142
